 Dungeon Crawl Stone Soup version 0.26.0-10-g1f06aea511 (webtiles) character file.

Game seed: 17300419969183861216

56 funkygono the Conjurer (level 3, -1/24 HPs)
             Began as a Demonspawn Conjurer on Jan 25, 2021.
             Slain by Terence
             ... wielding a +3 trident of flaming
              (5 damage)
             ... on level 2 of the Dungeon.
             The game lasted 00:03:44 (1505 turns).

funkygono the Conjurer (Demonspawn Conjurer)        Turns: 1505, Time: 00:03:45

Health: -1/24      AC:  4    Str:  7    XL:     3   Next: 69%
Magic:  1/6        EV: 12    Int: 20    God:
Gold:   162        SH:  0    Dex: 11    Spells: 0/6 levels left

rFire    . . .     SeeInvis .   d - +1 dagger (venom)
rCold    . . .     Faith    .   (no shield)
rNeg     . . .     Spirit   .   a - +0 robe
rPois    .         Reflect  .   (no helmet)
rElec    .         Harm     .   b - +0 cloak
rCorr    .         Rampage  .   j - +0 pair of gloves
Will     .....                  (no boots)
Stlth    ++........             (no amulet)
HPRegen  0.08/turn              (no ring)
MPRegen  0.10/turn              (no ring)

@: no status effects
A: powered by death 2
a: no special abilities


You were on level 2 of the Dungeon.
You visited 1 branch of the dungeon, and saw 2 of its levels.

You collected 162 gold pieces.

Inventory:

Hand Weapons
 d - a +1 dagger of venom (weapon)
Armour
 a - a +0 robe (worn)
 b - a +0 cloak (worn)
 j - a +0 pair of gloves (worn)
Scrolls
 k - a scroll of remove curse {unknown}
 l - a scroll of enchant weapon {unknown}
Potions
 c - a potion of mutation {unknown}
 e - a potion of haste {unknown}
 f - a potion of attraction {unknown}
 g - 2 potions of lignification {unknown}
 h - 2 potions of brilliance {unknown}
 i - a potion of ambrosia {unknown}
 m - a potion of curing {unknown}


   Skills:
 + Level 0.1 Short Blades
 + Level 2.1 Dodging
 + Level 2.0 Stealth
 * Level 2.2 Spellcasting
 * Level 5.0 Conjurations


You couldn't memorise any spells.
You knew the following spells:

 Your Spells              Type           Power        Failure   Level
a - Magic Dart            Conj           88%          1%          1
b - Searing Ray           Conj           44%          3%          2
c - Dazzling Flash        Conj/Hex       24%          17%         3

Your spell library contained the following spells:

 Spells                   Type           Power        Failure   Level
 Fulminant Prism          Conj/Hex       6%           50%         4
 Iskenderun's Mystic Bla  Conj/Tloc      12%          50%         4


Dungeon Overview and Level Annotations

Branches:
Dungeon (2/15)

Altars:
Ashenzari

Annotations:
D:2 Terence


Innate Abilities, Weirdness & Mutations

You regenerate health from kills.


Message History

The searing ray hits Terence.
Terence is heavily wounded.
The searing ray hits Terence but does no damage.
Terence is heavily wounded.
You finish channeling your searing ray.
Terence hits you from afar with a +3 trident of flaming!
Terence burns you. Terence misses you.
You hit Terence but do no damage.
Terence is poisoned.
Terence is heavily wounded.
Terence hits you but does no damage.
You barely miss Terence.
Terence is heavily wounded.
Terence hits you but does no damage.
You hit Terence but do no damage.
Terence looks as sick as possible!
Terence is heavily wounded.
Terence hits you with a +3 trident of flaming!
* * * LOW HITPOINT WARNING * * *
Terence burns you.
You die...

#. ..............##.#
#.# #.............##.#
...# #...........##.#
....# #...............
....####.........#.....
...).....)..........(.
#...........<..(((.
##$................#
#..@.....#######...)
#...@..##.# #..##
..........##.# #..#
#####....###)#######)(##
#....# ##)....รท.....
......# #.######(.##
......' .... .....##
.......####.#####...##
#.# #.....


You could see Terence (extremely poisoned).

Vanquished Creatures
  Robin (D:2)
  An adder (D:1)
  A worm (D:2)
  A leopard gecko (D:1)
  6 giant cockroaches
  7 goblins (D:2)
  5 hobgoblins
  2 frilled lizards
  6 kobolds
  A rat (D:2)
31 creatures vanquished.

Vanquished Creatures (others)
  2 fungi (D:2)
  4 toadstools (D:2)
6 creatures vanquished.

Grand Total: 37 creatures vanquished

Notes
Turn   | Place    | Note
-------+----------+-------------------------------------------
     0 | D:1      | funkygono the Demonspawn Conjurer began the quest for the
                  | Orb.
     0 | D:1      | Reached XP level 1. HP: 13/13 MP: 3/3
   342 | D:1      | Found a broken altar of Ashenzari.
   358 | D:1      | Gained mutation: You regenerate a little health from kills.
                  | [demonic ancestry]
   358 | D:1      | Reached XP level 2. HP: 16/19 MP: 0/5
   361 | D:1      | Learned a level 2 spell: Searing Ray
  1005 | D:2      | Noticed Robin
  1075 | D:2      | Killed Robin
  1076 | D:2      | Gained mutation: You regenerate health from kills. [demonic
                  | ancestry]
  1076 | D:2      | Reached XP level 3. HP: 10/24 MP: 1/6
  1110 | D:2      | Noticed Terence
  1437 | D:2      | Learned a level 3 spell: Dazzling Flash
  1478 | D:2      | Reached skill level 5 in Conjurations
  1505 | D:2      | Slain by Terence

Illustrated notes

Levels and vault maps discovered:
D:1:      minmay_arrival_four_houses, layout_rooms, minmay_misc_feat_columns,
          nicolae_ashenzari_panopticon
D:2:      layout_basic, lemuel_round_altar, minmay_gold_behind_fungi,
          uniq_sigmund, uniq_terence, uniq_robin

Skill      XL: |  1  2  3 |
---------------+----------+-----
Dodging        | 2 |  2.1
Stealth        | 2 |  2.0
Conjurations   | 5 |  5.0
Short Blades   | |  0.1
Spellcasting   | |  2.2

Action                   || total
-------------------------++-------
Melee: Dagger            ||    21
 Cast: Magic Dart        ||    49
       Searing Ray       ||     6
  Use: Scroll            ||     1
Armor: Robe              ||    10
Dodge: Dodged            ||    25
